Selects Italian Combined Arms Battlegroup
Selects Bersaglieri Squad
Selects Bersaglieri Squad
Selects Bersaglieri Squad
Construct Light Support Kompanie
Selects Bersaglieri Bolster
le.IG 18 Mechanized Group
Pak 38 Anti-tank Gun Team
Selects Semovente da 75/18 Assault Gun
Construct Panzerarmee Kommand
Flak 36 Anti-tank Gun Team
Selects Breda Model 30 Light Machine Guns
Walking Stuka Rocket Launcher
Flak 36 Anti-tank Gun Team
Construct Mechanized Kompanie
18-tonne Recovery Half-track